 Dungeon Crawl Stone Soup version 0.32-a0-918-g0f22ef8d61 (webtiles) character file.

Game seed: 8478616315460060115

34 Heh the Slasher (level 3, -2/28 HPs)
             Began as a Coglin Gladiator on Apr 11, 2024.
             Slain by Sigmund
             ... wielding a +0 scythe
              (5 damage)
             ... on level 2 of the Dungeon.
             The game lasted 00:01:40 (949 turns).

Heh the Slasher (Coglin Gladiator)                   Turns: 949, Time: 00:01:41

Health: -2/28      AC:  6    Str: 14    XL:     3   Next: 31%
Magic:  3/3        EV: 10    Int:  7    God:
Gold:   26         SH:  0    Dex: 17    Spells: 2/2 levels left

rFire   . . .        a - +0 long sword {Dalbir}
rCold   . . .        f - +0 dagger {Uttamveer}
rNeg    . . .        k - +0 ring mail
rPois   .            c - +0 helmet
rElec   .            (no cloak)
rCorr   .            (no gloves)
SInv    .            (no boots)
Will    .....        (amulet unavailable)
Stlth   +            (ring unavailable)
HPRegen 0.24/turn    (ring unavailable)
MPRegen 0.08/turn    (no gizmo)

%: no passive effects
@: revved
A: off-hand wielding, slow wielding, warmup strikes, no jewellery
a: Invent Gizmo


You were on level 2 of the Dungeon.
You visited 1 branch of the dungeon, and saw 2 of its levels.

You collected 26 gold pieces.

Inventory:

Hand Weapons
 a - a +0 long sword (weapon) {Dalbir}
 f - a +0 dagger (offhand) {Uttamveer}
Missiles
 e - a javelin
Armour
 b - a +0 leather armour
 c - a +0 helmet (worn)
 g - a +0 chain mail
 k - a +0 ring mail (worn)
 m - a +0 helmet
Scrolls
 h - 2 scrolls of revelation {unknown}
 i - a scroll of teleportation {unknown}
 j - a scroll of enchant weapon {unknown}
 l - a scroll of fear {unknown}
 n - a scroll of torment {unknown}


   Skills:
 * Level 2.7 Fighting
 * Level 3.6 Long Blades
 - Level 1.7 Throwing
 + Level 2.9 Dodging


You had 2 spell levels left.
You didn't know any spells.
Your spell library was empty.

Dungeon Overview and Level Annotations

Branches:
Dungeon (2/15)

Altars:

Shops:
D:1 [

Annotations:
D:2 Sigmund


Innate Abilities, Weirdness & Mutations

You can wield a second weapon in your off-hand.
It takes a long time for you to wield or remove held weapons.
Your first few attacks do less damage.
You cannot equip rings or amulets.


Message History

You miss something with your +0 long sword.
Something hits you.
Okay, then.
You're too confused to move!
Something hits you.
You barely miss something with your +0 long sword.
You hit something with your +0 dagger. Something hits you.
A magic dart appears from out of thin air!
The magic dart hits you.
You aren't carrying any potions.
Unknown command.
Something hits you but does no damage.
You miss something with your +0 long sword.
You miss something with your +0 dagger.
You're too confused to move!
Something hits you.
You're too confused to move!
Something hits you but does no damage.
You closely miss something with your +0 long sword.
You miss something with your +0 dagger.
You feel less confused.
Throw: 2 throwing nets
Press: ? - help, Shift-Dir - straight line You throw a throwing net.
Something gets caught in the net!
Something wriggles in the net.
You hit something with your +0 long sword.
You closely miss something with your +0 dagger.
Something wriggles in the net.
You hit something but do no damage.
You hit something with your +0 long sword.
Something wriggles in the net.
You hit something but do no damage. x2; Something wriggles in the net.
You hit something but do no damage. You hit something with your +0 dagger.
Something wriggles in the net.
All of a sudden the net rips apart!
Throw: throwing net
Press: ? - help, Shift-Dir - straight line You throw a throwing net.
Something hits you!
* * * LOW HITPOINT WARNING * * *
You closely miss something with your +0 long sword.
You hit something with your +0 dagger. Something hits you.
You die...

..............^...##+##.#
#.#...###.####...##≈≈≈#
#<#.#.# .# #....'≈≈≈+
..#..... #...##≈≈≈#
#####.### #...# +## .#
#...# .# # #.>.##.####
#.........# ##.@#####.#
#.{# ...... ..###..#.# #.
.... .. # ..... .. ......
. ..(.####


There were no monsters in sight!

Vanquished Creatures
  2 giant cockroaches
  2 goblins
  3 hobgoblins (D:1)
  11 jackals (D:1)
  3 quokkas (D:1)
  2 ball pythons (D:1)
  2 frilled lizards (D:1)
  2 rats
27 creatures vanquished.

Notes
Turn   | Place    | Note
-------+----------+-------------------------------------------
     0 | D:1      | Heh the Coglin Gladiator began the quest for the Orb.
     0 | D:1      | Reached XP level 1. HP: 16/16 MP: 1/1
   129 | D:1      | Reached XP level 2. HP: 18/22 MP: 2/2
   286 | D:1      | Found Poleggur's Antique Armour Emporium.
   347 | D:1      | Reached XP level 3. HP: 28/28 MP: 3/3
   924 | D:2      | Noticed Sigmund
   949 | D:2      | Slain by Sigmund

Illustrated notes

Levels and vault maps discovered:
D:1:      mainiacjoe_arrival_oval_in_oval, layout_loops_ring, serial_shops,
          nicolae_shop_getting_attention, minmay_misc_feat_five, st_stairs_5,
          hangedman_decor_slide_cut
D:2:      layout_loops_cross, roderic_roman_lattice, minmay_liquid_box,
          uniq_sigmund

Action                     || total
---------------------------++-------
  Melee: Long sword        ||    75
         Dagger            ||    73
  Throw: Throwing net      ||     3
 Armour: Leather armour    ||    41
         Ring mail         ||    11
  Dodge: Dodged            ||    64

Table legend: (Time is in decaauts)
 A = Elapsed time spent in this place.
 B = Non-inter-level travel time spent in this place.
 C = Inter-level travel time spent in this place.
 D = Time resting spent in this place.
 E = Time spent auto-exploring this place.
 F = Levels seen in this place.
 G = Mean time per level.
                   A        B        C        D        E       F      G
               +--------+--------+--------+--------+--------+-----+--------+
         Total |    953 |    898 |     55 |      0 |    687 |   2 |  476.5 |
       Dungeon |    953 |    898 |     55 |      0 |    687 |   2 |  476.5 |
               +--------+--------+--------+--------+--------+-----+--------+

Top non-repeatable levels by time:
     D:1: 847 daAuts
     D:2: 106 daAuts
